 Dungeon Crawl Stone Soup version 0.24.0-123-gd5b16e6ec5 (webtiles) character file.

Game seed: 4952212104215627050, levelgen mode: deterministic

1117 Delamore the Cleaver (level 8, -2/64 HPs)
             Began as a Hill Orc Fighter on Dec 24, 2019.
             Was a Follower of Okawaru.
             Slain by a sky beast (6 damage)
             ... on level 5 of the Dungeon.
             The game lasted 00:05:45 (4410 turns).

Delamore the Cleaver (Hill Orc Fighter)             Turns: 4410, Time: 00:05:46

Health: -2/64      AC:  4    Str: 21    XL:     8   Next: 34%
Magic:  8/8        EV:  8    Int:  8    God:    Okawaru [*.....]
Gold:   178        SH:  0    Dex: 10    Spells: 7/7 levels left

rFire    + . .     SeeInvis .   a - +0 war axe
rCold    + . .     Gourm    .   c - +0 shield
rNeg     . . .     Faith    .   y - +2 ring mail {rC+}
rPois    .         Spirit   .   (no helmet)
rElec    .         Reflect  .   (no cloak)
rCorr    .         Harm     .   e - +0 pair of gloves
MR       .....                  (no boots)
Stlth    ..........             (no amulet)
HPRegen  0.20/turn              (no ring)
MPRegen  0.11/turn              t - ring of protection from fire

@: confused, corroded
A: no striking features
a: Heroism, Renounce Religion


You were on level 5 of the Dungeon.
You worshipped Okawaru.
Okawaru was aware of your devotion.
You were not hungry.

You visited 2 branches of the dungeon, and saw 6 of its levels.

You collected 178 gold pieces.

Inventory:

Hand Weapons
 a - a +0 war axe (weapon)
Missiles
 r - 2 javelins (quivered)
Armour
 b - a +0 scale mail
 c - a +0 shield (worn)
 e - a +0 pair of gloves (worn)
 y - a +2 ring mail of cold resistance (worn)
Jewellery
 t - a ring of protection from fire (right hand)
Wands
 g - a wand of flame (5)
 w - a wand of clouds (7)
Scrolls
 h - a scroll of fog
 j - 3 scrolls of identify
 k - a scroll of immolation
 l - 2 scrolls of blinking
 o - a scroll of teleportation
 q - 2 scrolls of fear
 u - a scroll of random uselessness {unknown}
 z - a scroll of magic mapping {unknown}
 B - a scroll of enchant armour {unknown}
 C - a scroll of noise
Potions
 d - a potion of lignification {unknown}
 i - a potion of ambrosia
 m - a potion of invisibility
 p - 2 potions of heal wounds {unknown}
 s - 2 potions of haste {unknown}
 v - a potion of agility {unknown}
 x - a potion of brilliance {unknown}
 A - a potion of cancellation {unknown}
Comestibles
 f - 17 rations
 n - a chunk of flesh


   Skills:
 - Level 3.6 Fighting
 + Level 12.4 Axes
 - Level 3.2 Armour
 - Level 3.2 Shields


You had 7 spell levels left.
You didn't know any spells.
Your spell library was empty.

Dungeon Overview and Level Annotations

Branches:
Dungeon (5/15)             Temple (1/1) D:4

Altars:
Cheibriados
Dithmenos
Elyvilon
Kikubaaqudgha
Makhleb
Okawaru
Ru
Trog
Vehumet
The Shining One

Annotations:
D:4 3 runed translucent doors, Delamore's ghost, amateur HOFi


Message History

You closely miss something. Something hits you.
* * * LOW HITPOINT WARNING * * *
Something shocks you.
* * * LOW HITPOINT WARNING * * *
It was a potion of ambrosia.
You are confused.
You feel invigorated. Something hits you.
* * * LOW HITPOINT WARNING * * *
Something shocks you.
* * * LOW HITPOINT WARNING * * *
You're too confused to move!
Something hits you.
* * * LOW HITPOINT WARNING * * *
Something shocks you.
* * * LOW HITPOINT WARNING * * *
You bump into the rock wall.
A sky beast appears from thin air!
Reactivating autopickup.
The sky beast hits you.
* * * LOW HITPOINT WARNING * * *
The sky beast shocks you.
You die...

#...# #....#...........##....
#.#.# #...............<#.....
#.#..###..#._.#.........#.....
#.#.....................#.....
..##.###....#...........#.....
##...............#.....
####............######
#............# ##@###########
#)Y.....# #........ #........
.......%. ....>.... ...##....
..... ....


You could see a sky beast.

Vanquished Creatures
  Sigmund (D:2)
  Edmund (D:4)
  An ogre (D:5)
  A centaur (D:5)
  A bullfrog (D:4)
  A scorpion (D:5)
  A crimson imp (D:5)
  2 hounds (D:4)
  A jelly (D:5)
  An orc priest (D:3)
  2 orc wizards (D:3)
  A centaur skeleton (D:4)
  Natasha (thrice) (D:3)
  2 worker ants
  A hound skeleton (D:5)
  A mummy (D:5)
  8 adders
  An ooze (D:4)
  A worm (D:3)
  2 dart slugs
  8 leopard geckos
  9 orcs
  3 ball pythons
  7 giant cockroaches
  15 goblins
  11 hobgoblins
  5 jackals
  A quokka (D:4)
  6 bats
  3 frilled lizards
  7 kobolds
  5 rats
113 creatures vanquished.

Vanquished Creatures (others)
  A human (D:3)
  14 toadstools (D:1)
15 creatures vanquished.

Grand Total: 128 creatures vanquished

Notes
Turn   | Place    | Note
-------+----------+-------------------------------------------
     0 | D:1      | Delamore the Hill Orc Fighter began the quest for the Orb.
     0 | D:1      | Reached XP level 1. HP: 19/19 MP: 1/1
    35 | D:1      | Reached skill level 3 in Axes
   150 | D:1      | Reached XP level 2. HP: 26/26 MP: 2/2
   247 | D:1      | Reached skill level 4 in Axes
   454 | D:1      | Reached XP level 3. HP: 31/31 MP: 3/3
   967 | D:2      | Reached skill level 5 in Axes
  1013 | D:2      | Reached XP level 4. HP: 39/39 MP: 4/4
  1058 | D:2      | Found a sacrificial altar of Ru.
  1166 | D:2      | Reached skill level 6 in Axes
  1230 | D:2      | Noticed Sigmund
  1242 | D:2      | Killed Sigmund
  1242 | D:2      | Reached skill level 8 in Axes
  1242 | D:2      | Reached XP level 5. HP: 11/45 MP: 5/5
  1242 | D:2      | Reached XP level 6. HP: 12/51 MP: 6/6
  2271 | D:3      | Noticed Natasha
  2292 | D:3      | Killed Natasha
  2543 | D:3      | Noticed Natasha
  2551 | D:3      | Killed Natasha
  2577 | D:3      | Reached skill level 9 in Axes
  2610 | D:3      | Found an ancient bone altar of Kikubaaqudgha.
  2613 | D:3      | Noticed a human
  2618 | D:3      | Killed a human
  2754 | D:3      | Reached XP level 7. HP: 36/57 MP: 7/7
  2773 | D:3      | Noticed Natasha
  2783 | D:3      | Killed Natasha
  3342 | D:4      | Noticed Edmund
  3361 | D:4      | Killed Edmund
  3361 | D:4      | Reached skill level 10 in Axes
  3485 | D:4      | Found a staircase to the Ecumenical Temple.
  3504 | Temple   | Entered the Ecumenical Temple
  3512 | Temple   | Became a worshipper of Warmaster Okawaru
  3748 | D:4      | Reached skill level 11 in Axes
  3798 | D:4      | Found a runed translucent gate.
  3799 | D:4      | Found a runed translucent gate.
  3799 | D:4      | Found a runed translucent gate.
  3814 | D:4      | Noticed Delamore's ghost (amateur HOFi)
  4094 | D:5      | Entered Level 5 of the Dungeon
  4156 | D:5      | Found a snail-covered altar of Cheibriados.
  4169 | D:5      | Reached XP level 8. HP: 39/64 MP: 8/8
  4304 | D:5      | Reached * piety under Okawaru
  4345 | D:5      | Reached skill level 12 in Axes
  4374 | D:5      | Found a radiant altar of Vehumet.
  4410 | D:5      | Slain by a sky beast

Levels and vault maps discovered:
D:1:      nagdon_arrival_zigzag_paths, layout_basic
D:2:      layout_basic, nicolae_ru_sacrificial_ziggurat, uniq_sigmund
D:3:      kennysheep_the_goblin_king, layout_loops_ring, first_ration,
          tgw_kikubaaqudgha, uniq_natasha
D:4:      layout_basic, minmay_temple_entry_wispy, gammafunk_ghost_necromancy,
          kennysheep_generic_room_2, uniq_edmund
D:5:      layout_basic, slow_altar_1, serial_shops, nicolae_shop_trees,
          nrook_campfire, vehumet_altar_wand_db
Temple:   cyrus_circular_temple

Skill      XL: |  1  2  3  4  5  6  7  8 |
---------------+-------------------------+-----
Axes           | 3 4 5 8 9 11 12 | 12.4
Fighting       | |  3.6
Armour         | |  3.2
Shields        | |  3.2

Action                   |  1- 3 |  4- 6 |  7- 9 || total
-------------------------+-------+-------+-------++-------
Melee: War axe           |    99 |   144 |   135 ||   378
  Use: Potion            |       |     1 |     1 ||     2
       Scroll            |       |       |     9 ||     9
  Eat: Chunk             |       |     6 |     6 ||    12
Armor: Scale mail        |    49 |    51 |    12 ||   112
       Ring mail         |       |       |    34 ||    34
Dodge: Dodged            |    35 |    30 |    33 ||    98
Block: Shield            |    53 |    66 |    37 ||   156
